 Dungeon Crawl Stone Soup version 0.29.1-13-g9f3cf754e1 (webtiles) character file.

Game seed: 999348329603534188

70 tizbic2 the Sneak (level 4, 0/42 HPs)
             Began as a Naga Berserker on Feb 7, 2023.
             Was a Believer of Trog.
             Slain by a kobold
             ... wielding a +0 club
              (4 damage)
             ... on level 2 of the Dungeon.
             The game lasted 00:07:23 (1279 turns).

tizbic2 the Sneak (Naga Berserker)                  Turns: 1279, Time: 00:07:24

Health: 0/42       AC:  4    Str: 18 (20) XL:     4   Next: 21%
Magic:  4/4        EV:  7    Int:  6 (7)  God:    Trog [**....]
Gold:   6          SH:  0    Dex: 10 (12) Spells: 3/3 levels left

rFire   + . .      SeeInvis +   w - +0 dagger
rCold   + . .      Faith    .   (no shield)
rNeg    . . .      Spirit   .   n - +0 scale mail
rPois   +          Reflect  .   (no helmet)
rElec   +          Harm     .   (no cloak)
rCorr   +          Rampage  .   (no gloves)
Will    .....                   (no barding)
Stlth   +.........              (no amulet)
HPRegen 0.14/turn               (no ring)
MPRegen 0.09/turn               (no ring)

@: resistant, very slow
A: AC +1, large, see invisible, deformed body, poison resistance, slowness 2,
spit poison 1, naga tail 1
a: Spit Poison, Renounce Religion, Berserk, Trog's Hand


You were on level 2 of the Dungeon.
You worshipped Trog.
Trog was pleased with you.
You visited 1 branch of the dungeon, and saw 2 of its levels.

You collected 6 gold pieces.

Inventory:

Hand Weapons
 a - a +0 short sword
 o - a +0 hand axe
 w - a +0 dagger (weapon)
Missiles
 j - 3 boomerangs
Armour
 b - a +0 animal skin
 d - a +0 ring mail
 i - a +0 plate armour
 n - a +0 scale mail (worn)
Scrolls
 c - a scroll of blinking {unknown}
 k - a scroll of enchant armour {unknown}
 l - 2 scrolls of fog {unknown}
 m - a scroll of poison {unknown}
Potions
 f - a potion of might {unknown}
 h - a potion of cancellation {unknown}


   Skills:
 + Level 3.5 Fighting
 + Level 3.5 Short Blades
 - Level 1.5 Armour
 - Level 1.5 Dodging
 * Level 4.1 Stealth


You had 3 spell levels left.
You didn't know any spells.
Your spell library was empty.

Dungeon Overview and Level Annotations

Branches:
Dungeon (2/15)

Altars:

Annotations:
D:2 Sigmund


Innate Abilities, Weirdness & Mutations

Your serpentine skin is tough. (AC +1)
You have supernaturally acute eyesight. (SInv)
Armour fits poorly on your strangely shaped body.
Your system is resistant to poisons. (rPois)
You cover ground very slowly.
You can spit poison.
You have a snake-like lower body.


Message History

* * * LOW HITPOINT WARNING * * *
You hit the adder.
The adder is severely wounded.
The adder barely misses you.
You miss the adder.
The adder is severely wounded.
The adder closely misses you.
You barely miss the adder.
The adder is severely wounded.
The adder bites you but does no damage.
You completely miss the adder.
The adder is severely wounded.
The adder bites you.
* * * LOW HITPOINT WARNING * * *
You hit the adder.
You kill the adder!
Trog accepts your kill.
l - 2 scrolls labelled UDALLY RAXEUQU (gained 1)
You start resting.
A kobold comes into view.
It is wielding a +0 club and carrying a wand of flame (21).
The kobold throws a stone.
The stone barely misses you. The kobold hits you with a +0 club.
* * * LOW HITPOINT WARNING * * *
Sigmund the Dreaded comes into view.
He is wielding a +0 scythe and carrying a wand of flame (21).
The kobold hits you with a +0 club.
* * * LOW HITPOINT WARNING * * *
You barely miss the kobold. The kobold closely misses you.
Sigmund shouts!
You hit the kobold but do no damage.
You hear a shout!
It was a potion of degeneration.
There was something very wrong with that liquid.
You feel weakened.
You feel dopey.
You feel clumsy. The kobold hits you but does no damage.
You closely miss the kobold. The kobold hits you with a +0 club.
* * * LOW HITPOINT WARNING * * *
It was a potion of resistance.
You feel protected. The kobold hits you with a +0 club.
You die...

.. #. .# #.# ..[. #..
##.##...#.... ... #..
#..##.#.#@#. #.# ##..#
#.....#......... ...#
#..##.#.#.##.###.##..#
#..##(.....K.........#
#..##.#.##@# #. #..#
####..##†#.##.###.####..######
#.......).)...................
#.###...#.######.#...#.....###
####.#
##.................###.#
...#.## #####.##.#..##.####
#.# ###...# .##.#..##.# ##.##
# #.#.# .##.....#.# #...#
###...# .####...#.## #...#


You could see Sigmund and a kobold.

Vanquished Creatures
  2 adders (D:2)
  2 worms (D:1)
  3 ball pythons
  A bat (D:1)
  3 endoplasms
  8 goblins
  3 hobgoblins (D:1)
  10 jackals
  A quokka (D:1)
  3 frilled lizards
  2 kobolds
  3 rats (D:1)
41 creatures vanquished.

Vanquished Creatures (others)
  5 toadstools (D:1)
5 creatures vanquished.

Grand Total: 46 creatures vanquished

Notes
Turn   | Place    | Note
-------+----------+-------------------------------------------
     0 | D:1      | tizbic2 the Naga Berserker began the quest for the Orb.
     0 | D:1      | Reached XP level 1. HP: 21/21 MP: 1/1
    26 | D:1      | Reached skill level 1 in Stealth
   110 | D:1      | Reached XP level 2. HP: 28/28 MP: 2/2
   135 | D:1      | Reached skill level 2 in Stealth
   440 | D:1      | Reached XP level 3. HP: 34/34 MP: 3/3
   454 | D:1      | Reached skill level 3 in Stealth
   781 | D:1      | Reached ** piety under Trog
  1168 | D:2      | Reached XP level 4. HP: 41/42 MP: 4/4
  1211 | D:2      | Reached skill level 4 in Stealth
  1274 | D:2      | Noticed Sigmund
  1279 | D:2      | Slain by a kobold

Illustrated notes

Levels and vault maps discovered:
D:1:      ldierk_walled_garden, layout_loops_ring, nicolae_wormholes
D:2:      layout_loops_cross, shapermc_ecumenical_altar_mp_highgroup,
          minmay_diced_spiral, uniq_sigmund

Skill      XL: |  1  2  3  4 |
---------------+-------------+-----
Stealth        | 1 2 3 4 |  4.1
Fighting       | |  3.5
Short Blades   | |  3.5
Armour         | |  1.5
Dodging        | |  1.5

Action                   |  1- 3 |  4- 6 || total
-------------------------+-------+-------++-------
Melee: Short sword       |    17 |    11 ||    28
       Dagger            |   111 |    26 ||   137
       Punch             |     1 |       ||     1
       Hand axe          |       |     8 ||     8
 Abil: Spit Poison       |    23 |     1 ||    24
  Use: Potion            |       |     2 ||     2
Armor: Animal skin       |     4 |       ||     4
       Ring mail         |    18 |       ||    18
       Plate armour      |    23 |       ||    23
       Scale mail        |       |    25 ||    25
Dodge: Dodged            |    50 |    24 ||    74
